 Dungeon Sprint DCSS version 0.32-a0-314-g526f7d4993 (webtiles) character file.

Game seed: 5097105567461323140

16501 Revguard the Severer (level 12, -2/186 HPs)
             Began as a Mountain Dwarf Fighter on Feb 16, 2024.
             Was the Champion of Makhleb.
             Slain by an ancient champion
             ... wielding a +1 great sword of flaming
              (13 damage)
             ... in the Dungeon (Sprint V: "Ziggurat Sprint").
             The game lasted 00:09:09 (454 turns).

Revguard the Severer (Mountain Dwarf Fighter)        Turns: 454, Time: 00:09:09

Health: -2/186     AC: 35    Str: 28    XL:     12   Next: 10%
Magic:  0/22       EV:  6    Int:  9    God:    Makhleb [******]
Gold:   0          SH: 31    Dex: 17    Spells: 11/11 levels left

rFire   + . .        D - +16 obsidian axe {drain, demonic, Mesm ^Drain Fly SInv}
rCold   . . .        C - +18 shield of the Gong {Loud rN+ Will+ rCorr EV-5}
rNeg    + . .        B - +15 Maxwell's patent armour {-Cast -Tele rElec Will+ rCorr}
rPois   +            c - +0 helmet of Transparent the Leaf {rF+ Slay+4}
rElec   +            u - +2 cloak {rPois}
rCorr   +            (no gloves)
SInv    +            (no boots)
Will    +++..        n - amulet of guardian spirit Stlth
                     z - +6 ring of strength
HPRegen 0.51/turn    w - +6 ring of dexterity
MPRegen 0.18/turn

%: no teleportation, no spellcasting, guardian spirit
@: berserking, flying, mesmerised, very quick
A: runic magic, artefact enchanting
a: Renounce Religion, Minor Destruction, Lesser Servant of Makhleb, Major
Destruction, Greater Servant of Makhleb


You were in the Dungeon.
You worshipped Makhleb.
Makhleb was exalted by your worship.
You visited 1 branch

Inventory:

Hand Weapons
 D - the +16 obsidian axe (weapon) {drain, demonic, Mesm ^Drain Fly SInv}
   (You found it in the Dungeon)

   Mesm:      Its wielder is mesmerised by any visible foes, and it cannot be
   unequipped while any foes are visible.
   SInv:      It lets you see invisible.
   Fly:       It grants you flight.
   ^Drain:    It drains your maximum health when unequipped.
Armour
 c - the +0 helmet of Transparent the Leaf (worn) {rF+ Slay+4}
   (You found it in the Dungeon)

   Slay+4:    It affects your accuracy & damage with ranged weapons and melee
   (+4).
   rF+:       It protects you from fire.
 u - a +2 cloak of poison resistance (worn)
 B - the +15 Maxwell's patent armour (worn) {-Cast -Tele rElec Will+ rCorr}
   (You found it in the Dungeon)

   rElec:     It insulates you from electricity.
   Will+:     It increases your willpower.
   -Cast:     It prevents spellcasting.
   -Tele:     It prevents most forms of teleportation.
   rCorr:     It protects you from acid and corrosion.
 C - the +18 shield of the Gong (worn) {Loud rN+ Will+ rCorr EV-5}
   (You found it in the Dungeon)

   Loud:      It is deafeningly noisy when blocking attacks.
   EV-5:      It affects your evasion (-5).
   rN+:       It protects you from negative energy.
   Will+:     It increases your willpower.
   rCorr:     It protects you from acid and corrosion.
Jewellery
 n - an amulet of guardian spirit (around neck)
 v - a ring of willpower
 w - a +6 ring of dexterity (right hand)
 x - a ring of magical power
 z - a +6 ring of strength (left hand)
 A - a +6 ring of strength
Wands
 b - a wand of roots (10)
 s - a wand of mindburst (7)
 t - a wand of quicksilver (10)
Scrolls
 a - 2 scrolls of brand weapon
 j - 4 scrolls of blinking
 o - 4 scrolls of amnesia
 p - 7 scrolls of fog
 q - 5 scrolls of identify
 r - 2 scrolls of fear
Potions
 d - 7 potions of might
 e - 10 potions of curing
 f - 7 potions of heal wounds
 g - 6 potions of haste
 h - 7 potions of magic
 i - 2 potions of berserk rage
 k - 2 potions of brilliance
 l - 2 potions of invisibility
 m - 4 potions of resistance


   Skills:
 * Level 16.4 Fighting
 * Level 17.6 Axes
 + Level 12.5 Armour
 + Level 8.1 Dodging
 + Level 12.3 Shields
 + Level 13.6 Invocations
 + Level 11.6 Evocations


You had 11 spell levels left.
You didn't know any spells.
Your spell library contained the following spells:

 Spells                   Type           Power      Damage    Failure   Level
 Shock                    Conj/Air       0%         1d3       69%         1
 Ensorcelled Hibernation  Hex/Ice        0%         N/A       83%         2
 Momentum Strike          Conj/Tloc      0%         3d8       83%         2
 Searing Ray              Conj           0%         2d4       83%         2
 Inner Flame              Hex/Fire       0%         N/A       96%         3
 Swiftness                Air            0%         N/A       96%         3
 Airstrike                Air            0%         2d(0-16)  100%        4
 Irradiate                Conj/Alch      0%         3d11      100%        5
 Ignition                 Fire           0%         3d3       100%        8


Dungeon Overview and Level Annotations

Branches:
Dungeon (1/1)

Altars:
Ashenzari
Cheibriados
Dithmenos
Elyvilon
Fedhas
Gozag
Hepliaklqana
Kikubaaqudgha
Makhleb
Nemelex Xobeh
Okawaru
Qazlal
Ru
Sif Muna
Trog
Uskayaw
Vehumet
Wu Jian
Xom
Yredelemnul
Zin
The Shining One
Beogh
Jiyva
Lugonu


Innate Abilities, Weirdness & Mutations

Your spellcasting is much less encumbered by armour.
You can use scrolls of enchantment on lesser artefacts.


Message History

Unknown command.
You slash the ancient champion!
The ancient champion is almost destroyed.
You barely miss the tormentor. You slash the war gargoyle!
You slash the ancient champion! Your sixfirhy hits the war gargoyle.
Your sixfirhy shocks the war gargoyle.
The war gargoyle resists.
The war gargoyle launches metal splinters at you.
You block the spray of metal splinters.
BOUMMMMG!
Your sixfirhy hits the ancient champion but does no damage.
The ancient champion points at you and mumbles some strange words.
You block the iron shot.
PTOANNNG!
You block the ancient champion's attack.
SHROANNG!
You hit the ancient champion but do no damage.
The ancient champion is almost destroyed.
You hit the war gargoyle but do no damage.
You slash the ancient champion!
You destroy the ancient champion!
Makhleb accepts your kill.
You barely miss the ancient champion.
Visions of slaying the ancient champion flood into your mind.
Your sixfirhy completely misses the ancient champion.
Your sixfirhy hits the ancient champion but does no damage.
The ancient champion closely misses your sixfirhy.
The war gargoyle hits you with a +1 morningstar of protection!!
* * * LOW HITPOINT WARNING * * *
You chop the ancient champion into pieces!!!
You break out of your daze!
You destroy the ancient champion!
Makhleb accepts your kill.
You feel better.
You hit the ancient champion but do no damage.
You slash the war gargoyle! You closely miss the tormentor.
Visions of slaying the ancient champion flood into your mind.
Your sixfirhy hits the ancient champion but does no damage.
The ancient champion misses your sixfirhy.
The ancient champion hits you with a +1 great sword of flaming!
You die...

▓...ß©ß...▓
▓..=|/)...▓..)..)|..▓
▓../|:%)..▓....[[...▓
▓.........▓.........▓
▓.........▓...()....▓
▓.........▓.........▓
▓.........▓..(†))...▓
▓...zz92..▓.▓.....▓.▓
▓....3@)..▓....©....▓
▓....©3...▓▓▓▓▓▓▓▓▓▓▓
▓▓▓▓▓▓▓▓▓▓▓


You could see 2 ancient champions, a war gargoyle (catching breath, ally
target), a tormentor, a friendly sixfirhy (summoned) and a friendly neqoxec
(summoned).

Vanquished Creatures
  2 ancient champions (D)
  A quicksilver elemental (D)
  2 war gargoyles (D)
  2 vault guards (D)
  A yaktaur captain (D)
  An ironbound frostheart (D)
  5 draconians (D)
  A wolf spider (D)
  A vault sentinel (D)
  A cane toad (D)
  2 wind drakes (D)
  A tarantella (D)
  A jumping spider (D)
  2 yaks (D)
  A redback (D)
  2 hell hounds (D)
  A centaur (D)
  A wolf (D)
  4 scorpions (D)
32 creatures vanquished.

Vanquished Creatures (collateral kills)
  A green draconian (D)
  A war gargoyle (D)
  2 ironbound frosthearts (D)
  A vault guard (D)
  An ironbound convoker (D)
  2 cyclopes (D)
  A cane toad (D)
  A komodo dragon (D)
  A merfolk (D)
  A tarantella (D)
  A redback (D)
  A small abomination (D)
  A phantom (D)
  2 weeping skulls (D)
  2 scorpions (D)
  An iron imp (D)
  A river rat (D)
  A shadow imp (D)
  A white imp (D)
  An ufetubus (D)
  A quokka skeleton (D)
25 creatures vanquished.

Vanquished Creatures (others)
  A merfolk (D)
  A wind drake (D)
  A centaur (D)
3 creatures vanquished.

Grand Total: 60 creatures vanquished

Notes
Turn   | Place    | Note
-------+----------+-------------------------------------------
     0 | D        | Revguard the Mountain Dwarf Fighter began the quest for the
                  | Orb.
     0 | D        | Reached XP level 1. HP: 19/19 MP: 1/1
     2 | D        | Found a blossoming altar of Fedhas.
     2 | D        | Found the +6 Majin-Bo {spellvamp, MP+6 Int+6}
     2 | D        | Found the +27 heavy crossbow "Sniper" {heavy, Acc+∞ SInv}
     2 | D        | Found the +10 dark maul {heavy}
     2 | D        | Found the +15 Maxwell's patent armour {-Cast -Tele rElec
                  | Will+ rCorr}
     2 | D        | Found the +18 shield of the Gong {Loud rN+ Will+ rCorr
                  | EV-5}
     2 | D        | Found the +16 obsidian axe {drain, demonic, Mesm ^Drain Fly
                  | SInv}
     2 | D        | Found the +7 great mace "Firestarter" {flame, immolate,
                  | rFlCloud rF++}
     2 | D        | Found the +6 shillelagh "Devastator" {shatter}
     2 | D        | Found the +11 plutonium sword {^Contam Stlth-}
     2 | D        | Found the +8 lance "Wyrmbane" {slay drac, rPois rF+ rC+
                  | AC+3}
     2 | D        | Found the +9 sword of Zonguldrok {reap}
     2 | D        | Found the +13 scythe of Curses {drain, curses, ^Drain}
     2 | D        | Found the +9 sword of Power {lifebolt}
     2 | D        | Found the +7 mace of Variability {chaos, chaos arc}
     2 | D        | Found the +11 Singing Sword {sonic wave}
     2 | D        | Found the +8 storm bow {elec, penet}
     5 | D        | Found a shimmering blue altar of Sif Muna.
     5 | D        | Found a sacrificial altar of Ru.
     5 | D        | Found a bloodstained altar of Trog.
     5 | D        | Found a stormy altar of Qazlal.
     5 | D        | Found an iron altar of Okawaru.
     5 | D        | Found a sparkling altar of Nemelex Xobeh.
     7 | D        | Found a transporter.
     7 | D        | Found an ancient bone altar of Kikubaaqudgha.
     7 | D        | Found a viscous altar of Jiyva.
     7 | D        | Found a corrupted altar of Lugonu.
     7 | D        | Found a hazy altar of Hepliaklqana.
     7 | D        | Found a burning altar of Makhleb.
     7 | D        | Found an opulent altar of Gozag.
    66 | D        | Became a worshipper of Makhleb the Destroyer
    70 | D        | Reached skill level 4 in Axes
    70 | D        | Reached skill level 1 in Dodging
    70 | D        | Reached XP level 2. HP: 28/28 MP: 2/4
    96 | D        | Entered arena 2.
    96 | D        | Noticed a hell hound
    96 | D        | Noticed a hell hound
    96 | D        | Found a transporter.
    98 | D        | Killed a hell hound
    99 | D        | Reached skill level 6 in Axes
    99 | D        | Reached skill level 5 in Armour
    99 | D        | Reached skill level 5 in Shields
    99 | D        | Reached XP level 3. HP: 4/37 MP: 4/6
    99 | D        | Reached XP level 4. HP: 5/44 MP: 4/7
   101 | D        | Killed a hell hound
   101 | D        | Reached * piety under Makhleb
   102 | D        | Reached skill level 7 in Axes
   102 | D        | Reached skill level 5 in Invocations
   102 | D        | Reached XP level 5. HP: 34/52 MP: 4/8
   167 | D        | Entered arena 3.
   167 | D        | Noticed an ironbound frostheart
   167 | D        | Noticed a yaktaur captain
   167 | D        | Noticed an ironbound convoker
   167 | D        | Found a transporter.
   172 | D        | Killed an ironbound convoker
   173 | D        | Reached skill level 9 in Axes
   173 | D        | Reached skill level 5 in Evocations
   173 | D        | Reached XP level 6. HP: 63/63 MP: 8/11
   173 | D        | Reached XP level 7. HP: 70/70 MP: 8/12
   173 | D        | Killed an ironbound frostheart
   174 | D        | Reached skill level 10 in Fighting
   174 | D        | Reached skill level 10 in Axes
   174 | D        | Reached XP level 8. HP: 79/79 MP: 8/13
   174 | D        | Killed a yaktaur captain
   174 | D        | Reached ** piety under Makhleb
   175 | D        | Reached skill level 11 in Axes
   183 | D        | Got More Studies in Witchery
   219 | D        | Entered arena 4.
   219 | D        | Found a transporter.
   221 | D        | Reached skill level 5 in Dodging
   221 | D        | Reached XP level 9. HP: 89/89 MP: 15/15
   223 | D        | Reached *** piety under Makhleb
   246 | D        | Entered arena 5.
   246 | D        | Found a transporter.
   249 | D        | Reached **** piety under Makhleb
   250 | D        | Reached skill level 12 in Axes
   256 | D        | Entered arena 6.
   256 | D        | Found a transporter.
   258 | D        | Reached ***** piety under Makhleb
   272 | D        | Entered arena 7.
   272 | D        | Noticed a green draconian
   272 | D        | Noticed a draconian
   272 | D        | Noticed a draconian
   272 | D        | Noticed a draconian
   272 | D        | Noticed a draconian
   272 | D        | Noticed a draconian
   273 | D        | Found a transporter.
   277 | D        | Killed a draconian
   278 | D        | Killed a draconian
   279 | D        | Killed a draconian
   280 | D        | Reached skill level 13 in Axes
   280 | D        | Reached skill level 10 in Invocations
   281 | D        | Killed a draconian
   281 | D        | Killed a green draconian
   282 | D        | Reached XP level 10. HP: 101/101 MP: 15/17
   282 | D        | Killed a draconian
   283 | D        | Reached skill level 14 in Axes
   283 | D        | Reached skill level 10 in Armour
   283 | D        | Reached skill level 10 in Shields
   294 | D        | Entered arena 8.
   294 | D        | Found the +5 moon troll leather armour {Spirit, Regen++
                  | MP+5}
   294 | D        | Noticed a vault sentinel
   294 | D        | Noticed a vault guard
   294 | D        | Noticed a vault guard
   294 | D        | Noticed a vault guard
   294 | D        | Noticed an ironbound frostheart
   294 | D        | Noticed an ironbound frostheart
   295 | D        | Found a transporter.
   300 | D        | Killed an ironbound frostheart
   303 | D        | Killed a vault guard
   303 | D        | Reached ****** piety under Makhleb
   303 | D        | Killed a vault guard
   306 | D        | Killed an ironbound frostheart
   307 | D        | Reached skill level 15 in Axes
   307 | D        | Killed a vault guard
   308 | D        | Reached skill level 10 in Evocations
   308 | D        | Reached XP level 11. HP: 92/111 MP: 19/19
   317 | D        | Got the +0 helmet of Transparent the Leaf {rF+ Slay+4}
   342 | D        | Entered arena 9.
   343 | D        | Found a transporter.
   373 | D        | Entered arena 10.
   373 | D        | Noticed a wolf spider
   374 | D        | Found a transporter.
   377 | D        | Killed a wolf spider
   379 | D        | Reached skill level 15 in Fighting
   379 | D        | Reached skill level 16 in Axes
   385 | D        | Got the ring of Sadusi Faul {Wiz *Corrode rPois Str+4
                  | Dex+5}
   402 | D        | Entered arena 11.
   402 | D        | Found the +8 trishula "Condemnation" {holy, anguish, *Noise
                  | Fly rN+}
   403 | D        | Found a transporter.
   438 | D        | Entered arena 12.
   438 | D        | Found the +7 Spriggan's Knife {stab, EV+4 Stlth+}
   438 | D        | Noticed a war gargoyle
   438 | D        | Noticed an ancient champion
   438 | D        | Noticed an ancient champion
   438 | D        | Noticed a quicksilver elemental
   438 | D        | Noticed a war gargoyle
   438 | D        | Noticed an ancient champion
   438 | D        | Noticed a war gargoyle
   439 | D        | Noticed a war gargoyle
   439 | D        | Noticed an ancient champion
   444 | D        | Killed a war gargoyle
   445 | D        | Killed a war gargoyle
   447 | D        | Killed a quicksilver elemental
   448 | D        | Reached skill level 17 in Axes
   450 | D        | Killed a war gargoyle
   451 | D        | Reached XP level 12. HP: 21/122 MP: 1/22
   453 | D        | Killed an ancient champion
   453 | D        | HP: 3/183 [war gargoyle/+1 morningstar of protection (19)]
   454 | D        | Killed an ancient champion
   454 | D        | Slain by an ancient champion

Illustrated notes

Levels and vault maps discovered:
D:        sprint_v [room_start, room_1, room_2, room_3, room_4, room_5, room_6,
          room_7, room_8, room_9, room_10, room_11, room_12, room_13, room_14,
          room_15, room_16, room_17, room_18, room_19, room_20, room_21,
          room_22, room_23, room_24, room_25, room_26, room_27]

Skill      XL: |  1  2  3  4  5  6  7  8  9 10 11 |
---------------+----------------------------------+-----
Fighting       | 4 6 7 9 10 11 13 14 16 | 16.4
Axes           | 4 6 7 9 10 11 13 15 17 | 17.6
Armour         | 4 5 6 7 8 9 10 12 | 12.5
Dodging        | 1 2 3 4 5 6 8 |  8.1
Shields        | 4 5 6 7 8 9 10 12 | 12.3
Invocations    | 2 4 5 6 7 8 10 11 13 | 13.6
Evocations     | 2 3 4 5 6 7 8 10 11 | 11.6

Action                     |  1- 3 |  4- 6 |  7- 9 | 10-12 || total
---------------------------+-------+-------+-------+-------++-------
  Melee: Broad axe         |     2 |     4 |     9 |    40 ||    55
 Invoke: Greater Servant o |       |       |       |     2 ||     2
  Evoke: Wand              |       |     1 |       |     1 ||     2
    Use: Potion            |     1 |     2 |       |     2 ||     5
   Stab: Distracted        |       |       |     1 |     1 ||     2
 Armour: Plate armour      |     3 |     5 |     3 |    22 ||    33
  Dodge: Dodged            |       |       |       |     4 ||     4
  Block: Kite shield       |     3 |     6 |    15 |    60 ||    84

Table legend: (Time is in decaauts)
 A = Elapsed time spent in this place.
 B = Non-inter-level travel time spent in this place.
 C = Inter-level travel time spent in this place.
 D = Time resting spent in this place.
 E = Time spent auto-exploring this place.
 F = Levels seen in this place.
 G = Mean time per level.
                   A        B        C        D        E       F      G
               +--------+--------+--------+--------+--------+-----+--------+
         Total |    448 |    448 |      0 |    120 |      0 |   1 |  448.0 |
       Dungeon |    448 |    448 |      0 |    120 |      0 |   1 |  448.0 |
               +--------+--------+--------+--------+--------+-----+--------+

Top non-repeatable levels by time:
       D: 448 daAuts
